 Dungeon Crawl Stone Soup version 0.28.0-43-g3370ac3207 (console) character file.

Game seed: 15107052184784656006

99843 toffzen the Bludgeoner (level 15, -11/138 HPs)
             Began as a Minotaur Fighter on Mar 14, 2022.
             Was the Champion of Okawaru.
             Mangled by a juggernaut simulacrum (51 damage)
             ... on level 2 of the Abyss on Mar 15, 2022.
             The game lasted 00:56:09 (23216 turns).

toffzen the Bludgeoner (Minotaur Fighter)          Turns: 23216, Time: 00:56:10

Health: -11/138    AC: 29    Str: 36    XL:     15   Next: 78%
Magic:  22/22      EV: 13    Int:  6    God:    Okawaru [******]
Gold:   1353       SH: 17    Dex: 13    Spells: 14/14 levels left

rFire   + . .      SeeInvis +   a - +1 morningstar {vorpal, rElec Str+2 Dex-5}
rCold   . . .      Faith    .   S - +4 kite shield of the Other Side {Str+4 Int+2}
rNeg    + . .      Spirit   .   L - +1 plate armour "Ceywo" {rF+ rCorr}
rPois   +          Reflect  .   (helmet restricted)
rElec   +          Harm     .   E - +2 ratskin cloak {*Rats rPois rN+ Str-1 Int-1 Dex+1}
rCorr   +          Rampage  .   y - +0 pair of gloves
Will    +....                   V - +1 pair of boots "Lycaefuc" {Str+7 Dex+3 Stlth-}
Stlth   ..........              D - amulet of regeneration
HPRegen 1.13/turn               p - ring of see invisible
MPRegen 0.18/turn               H - +4 ring of protection

@: unable to read
A: horns 2, retaliatory headbutt, [inability to read while threatened]
a: Renounce Religion, Heroism, Finesse, Duel


You were on level 2 of the Abyss.
You worshipped Okawaru.
Okawaru was exalted by your worship.
You visited 3 branches of the dungeon, and saw 22 of its levels.
You visited the Abyss 1 time.
You also visited: Ossuary.

You collected 1353 gold pieces.

Inventory:

Hand Weapons
 a - the +1 morningstar "Viostroxu" (weapon) {vorpal, rElec Str+2 Dex-5}
   (Okawaru gifted it to you on level 2 of the Lair of Beasts)

   It inflicts extra damage upon your enemies.
   Str:       It affects your strength (+2).
   Dex:       It affects your dexterity (-5).
   rElec:     It insulates you from electricity.
 n - a +0 demon whip
 Q - the +7 dire flail of Fundamental Breach {flame, Will- Str+5 SInv}
   (Okawaru gifted it to you on level 6 of the Lair of Beasts)

   It burns those it strikes, dealing additional fire damage.
   Str:       It affects your strength (+5).
   SInv:      It lets you see invisible.
   Will:      It decreases your willpower.
 Y - the +7 fustibalus "Goumiruh" {speed, Int+4}
   (Okawaru gifted it to you on level 11 of the Dungeon)

   Attacks with this weapon are significantly faster.
   Int:       It affects your intelligence (+4).
Missiles
 e - 555 stones (quivered)
 C - 6 throwing nets
Armour
 b - the +1 crystal plate armour "Tuge" {rPois Str+2}
   (Okawaru gifted it to you on level 14 of the Dungeon)

   Str:       It affects your strength (+2).
   rPois:     It protects you from poison.
 y - a +0 pair of gloves (worn)
 E - the +2 ratskin cloak (worn) {*Rats rPois rN+ Str-1 Int-1 Dex+1}
   (You found it on level 7 of the Dungeon)

   When the wearer is hurt, rats may emerge from it to assist them.
   Str:       It affects your strength (-1).
   Int:       It affects your intelligence (-1).
   Dex:       It affects your dexterity (+1).
   rPois:     It protects you from poison.
   rN:        It protects you from negative energy.
 L - the +1 plate armour "Ceywo" (worn) {rF+ rCorr}
   (Okawaru gifted it to you on level 10 of the Dungeon)

   rF:        It protects you from fire.
   rCorr:     It protects you from acid and corrosion.
 S - the +4 kite shield of the Other Side (worn) {Str+4 Int+2}
   (Okawaru gifted it to you on level 2 of the Lair of Beasts)

   Str:       It affects your strength (+4).
   Int:       It affects your intelligence (+2).
 V - the +1 pair of boots "Lycaefuc" (worn) {Str+7 Dex+3 Stlth-}
   (You acquired it on level 6 of the Lair of Beasts)

   Str:       It affects your strength (+7).
   Dex:       It affects your dexterity (+3).
   Stlth:     It makes you less stealthy.
Jewellery
 p - a ring of see invisible (left hand)
 z - a ring of positive energy
 D - an amulet of regeneration (around neck)
 H - a +4 ring of protection (right hand)
 T - a ring of ice
 U - a ring of protection from fire
 W - an amulet of guardian spirit
 X - the amulet "Vops" {Acrobat -Tele Int+9}
   (You found it on level 11 of the Dungeon)

   [amulet of the acrobat]

   It increases your evasion while moving and waiting.
   Int:       It affects your intelligence (+9).
   -Tele:     It prevents most forms of teleportation.
Wands
 i - a wand of iceblast (2)
 j - a wand of flame (50)
 A - a wand of digging (8)
 J - a wand of acid (14)
Scrolls
 d - 9 scrolls of immolation
 h - 14 scrolls of identify
 k - a scroll of brand weapon
 l - 9 scrolls of teleportation
 r - a scroll of blinking
 s - 2 scrolls of enchant weapon
 u - 5 scrolls of enchant armour
 B - 3 scrolls of fog
 G - a scroll of silence
 M - 5 scrolls of fear
Potions
 c - 2 potions of resistance
 f - 4 potions of mutation
 g - 4 potions of brilliance
 m - a potion of berserk rage
 q - 4 potions of magic
 v - 4 potions of lignification
 w - 4 potions of flight
 x - 4 potions of haste
 F - 4 potions of curing
 I - 3 potions of heal wounds
 K - 3 potions of might
 N - 3 potions of cancellation


   Skills:
 + Level 14.2 Fighting
 + Level 17.0 Maces & Flails
 + Level 14.2 Armour
 + Level 12.5 Dodging
 + Level 14.3 Shields
 + Level 10.7 Invocations


You had 14 spell levels left.
You didn't know any spells.
Your spell library contained the following spells:

 Spells                   Type           Power      Damage    Failure   Level
 Apportation              Tloc           0%         N/A       98%         1
 Shock                    Conj/Air       0%         1d3       98%         1
 Corpse Rot               Necr/Air       0%         N/A       99%         2
 Scorch                   Fire           0%         2d5       99%         2
 Static Discharge         Conj/Air       0%         N/A       99%         2
 Sublimation of Blood     Necr           0%         N/A       99%         2
 Mephitic Cloud           Conj/Pois/Air  0%         N/A       100%        3
 Dispel Undead            Necr           0%         3d6       100%        4
 Flame Wave               Conj/Fire      0%         2d4       100%        4
 Ice Form                 Ice/Tmut       0%         N/A       100%        4
 Petrify                  Tmut/Erth      0%         N/A       100%        4
 Irradiate                Conj/Tmut      0%         3d14      100%        5
 Lightning Bolt           Conj/Air       0%         1d11      100%        5
 Dispersal                Tloc           0%         N/A       100%        6
 Starburst                Conj/Fire      0%         6d3       100%        6
 Enfeeble                 Hex            0%         N/A       100%        7
 Disjunction              Tloc           0%         N/A       100%        8
 Maxwell's Capacitive Co  Air            0%         ∞         100%        8
 Chain Lightning          Conj/Air       0%         N/A       100%        9
 Animate Skeleton         Necr           Unusable   N/A       N/A         1
 Summon Small Mammal      Summ           Unusable   N/A       N/A         1
 Death Channel            Necr           Unusable   N/A       N/A         6
 Summon Cactus Giant      Summ           Unusable   N/A       N/A         6

Dungeon Overview and Level Annotations

Branches:
Dungeon (15/15)            Temple (1/1) D:5            Lair (6/6) D:8
  Swamp (0/4) Lair:3        Snake (0/4) Lair:4        Slime (0/5) Lair:5
    Orc (0/2) D:10         Vaults (0/5) D:14        Ossuary (visited)
 Depths: D:15

Altars:
Cheibriados
Elyvilon
Gozag
Kikubaaqudgha
Nemelex Xobeh
Okawaru
Qazlal
Sif Muna
Trog
Uskayaw
Vehumet
Xom
Yredelemnul
The Shining One
Jiyva

Shops:
D:4 (   D:7 *

Annotations:
D:14 exclusion: statue, Roxanne


Innate Abilities, Weirdness & Mutations

You have a pair of horns on your head.
You reflexively headbutt those who attack you in melee.
[You sometimes lose the ability to read scrolls when taking damage.]


Message History

You destroy the wretched star!
That felt strangely unrewarding.
A tentacled starspawn comes into view.
A lurking horror comes into view.
A golden eye comes into view.
The golden eye blinks at you.
You are confused.
Press: ? - help, v - describe, . - travel
Here: a golden eye The floor.
Unknown command.
You bump into the stone wall.
A small abomination comes into view.
The golden eye blinks at you.
You easily resist.
A juggernaut simulacrum comes into view.
The golden eye blinks at you. You resist with almost no effort.
The golden eye blinks at you.
You are more confused.
Your body is wracked with pain!
You feel threatened and lose the ability to read scrolls!
The golden eye convulses!
You barely miss the golden eye. Your headbutt misses the golden eye.
The golden eye is heavily wounded.
The golden eye blinks at you. You resist with some effort.
You bump into the rock wall.
The golden eye turns its gaze towards you.
The small abomination hits you!
The golden eye blinks!
The small abomination barely misses you.
You feel better.
You feel your health improve.
You block the small abomination's attack.
You cannot read scrolls in your current state!
You feel much better. The small abomination hits you.
The juggernaut simulacrum hits you!!!
* * * LOW HITPOINT WARNING * * *
The juggernaut simulacrum freezes you!!!
You die...

# #. # .#### # #.
..# ##.. ##.#
.......###.....#.
.# #
.......##.#...#
.# .#.
.#.###........#
#.###..##....# #
. . #.. .....##
.##.# ##.. ..#.
#.#...##G.....
.##.#
#.#...###@.......
.#. #
...###xZ#..#..# #
# .......#. ..#
#.. .#..#. .# .#
##...#...# .. ..
# ..#.#. ... ..
... .# #.# . #.##
#.


You could see a small abomination, a golden eye and a juggernaut simulacrum.

Vanquished Creatures
  A balrug (Abyss:2)
  Azrael (D:13)
  A dire elephant (Lair:6)
  Snorg (D:14)
  Harold (D:10)
  Josephine (D:13)
  A yaktaur captain (D:14)
  14 hydras
  Erolcha (D:11)
  2 catoblepae
  3 boulder beetles
  An ogre mage (D:12)
  5 two-headed ogres
  Erica (D:10)
  3 centaur warriors
  15 death yaks
  A deep troll shaman (Lair:6)
  A tengu warrior (D:14)
  Urug (D:13)
  2 deep elf knights
  A wretched star (Abyss:2)
  7 skeletal warriors (D:14)
  An orc knight (D:15)
  6 deep elf pyromancers
  12 ugly things
  3 deep elf zephyrmancers (D:13)
  3 cyclopes
  4 manticores
  Maurice (D:11)
  16 elephants
  A torpor snail (Lair:6)
  8 black mambas
  A gargoyle (D:13)
  20 cane toads
  Joseph (D:10)
  A yaktaur (shapeshifter) (D:9)
  4 rime drakes
  15 komodo dragons
  2 yaktaurs (D:14)
  An ancient zyme (Abyss:2)
  A freezing wraith (D:15)
  2 trolls
  8 polar bears
  A hornet (D:11)
  A hornet (shapeshifter) (D:12)
  18 blink frogs
  7 dream sheep (Lair:5)
  49 yaks
  A shadow (D:12)
  A wyvern (Lair:5)
  6 wraiths
  4 basilisks
  3 fire elementals (D:13)
  Grum (D:10)
  3 fire bats (Lair:1)
  16 vampire mosquitoes
  Menkaure (D:5)
  20 water moccasins
  4 nagas (Lair:4)
  2 swamp worms (Lair:2)
  3 hell hounds (D:13)
  2 acid dragons (D:10)
  A sky beast (D:7)
  A black bear (D:5)
  An ice beast (D:5)
  5 orc warriors
  4 ogres
  2 necrophages
  22 wolves
  6 centaurs
  Blork the orc (D:4)
  5 kobold brigands (D:10)
  2 bullfrogs
  A gnoll sergeant (D:10)
  2 wyvern zombies
  10 scorpions
  A wyvern skeleton (D:7)
  5 killer bees (D:8)
  3 wights (D:8)
  3 electric eels
  3 howler monkeys (D:10)
  12 centaur zombies
  3 centaur skeletons
  3 human zombies (Ossuary)
  A hound (D:4)
  2 jellies
  A small abomination (Abyss:2)
  A bullfrog skeleton (D:6)
  4 gnoll shamans
  4 orc priests
  Natasha (twice) (D:3)
  Ijyb (D:5)
  Jessica (D:3)
  2 iguanas
  10 orc wizards
  3 scorpion zombies (Ossuary)
  3 mummies (Ossuary)
  21 gnolls
  9 adders
  A shadow imp (D:5)
  A white imp (D:5)
  An adder zombie (D:5)
  2 worms
  3 dart slugs
  38 orcs
  8 endoplasms
  5 giant cockroaches
  6 goblins
  6 hobgoblins
  A jackal (D:11)
  12 kobolds
  2 quokkas
  8 ball pythons
  6 bats
  3 frilled lizards (D:3)
  2 gnoll zombies (Ossuary)
  2 goblin zombies (Ossuary)
  4 hobgoblin zombies
  2 orc zombies (Ossuary)
  6 rats
599 creatures vanquished.

Vanquished Creatures (others)
  An orc wizard (D:11)
  2 bushes (Lair:5)
  18 fungi
  A lurking horror (Abyss:2)
  40 plants
62 creatures vanquished.

Grand Total: 661 creatures vanquished

Notes
Turn   | Place    | Note
-------+----------+-------------------------------------------
     0 | D:1      | toffzen the Minotaur Fighter began the quest for the Orb.
     0 | D:1      | Reached XP level 1. HP: 19/19 MP: 0/0
   183 | D:1      | Reached XP level 2. HP: 27/27 MP: 1/1
   270 | D:1      | You fall into a shaft and drop 1 floor!
   449 | D:1      | Reached skill level 3 in Maces & Flails
  1131 | D:2      | Reached XP level 3. HP: 32/33 MP: 2/2
  1140 | D:2      | Reached skill level 1 in Dodging
  1484 | D:2      | Reached XP level 4. HP: 37/40 MP: 3/3
  2065 | D:3      | Noticed Jessica
  2089 | D:3      | Killed Jessica
  2090 | D:3      | Reached skill level 4 in Maces & Flails
  2380 | D:3      | Reached XP level 5. HP: 47/47 MP: 4/4
  2469 | D:3      | Noticed Natasha
  2481 | D:3      | Killed Natasha
  2666 | D:3      | Noticed Natasha
  2673 | D:3      | Killed Natasha
  3384 | D:3      | Found a faded altar of an unknown god.
  3810 | D:4      | Found a sand-covered staircase.
  3819 | Ossuary  | Entered an ossuary
  3838 | Ossuary  | Reached XP level 6. HP: 53/53 MP: 5/5
  3857 | Ossuary  | Reached skill level 5 in Maces & Flails
  4002 | Ossuary  | Reached skill level 5 in Shields
  4014 | Ossuary  | Reached skill level 5 in Fighting
  4014 | Ossuary  | Reached skill level 5 in Armour
  4079 | Ossuary  | Reached XP level 7. HP: 53/61 MP: 6/6
  4200 | Ossuary  | Reached skill level 6 in Maces & Flails
  4914 | Ossuary  | Reached XP level 8. HP: 27/70 MP: 7/7
  5266 | D:4      | Reached skill level 7 in Maces & Flails
  5392 | D:4      | Found Plog's Weapon Shop.
  5573 | D:4      | Noticed Blork the orc
  5581 | D:4      | Killed Blork the orc
  6060 | D:5      | Entered Level 5 of the Dungeon
  6537 | D:5      | Found a staircase to the Ecumenical Temple.
  6544 | Temple   | Entered the Ecumenical Temple
  6799 | Temple   | Became a worshipper of Warmaster Okawaru
  7023 | D:5      | Noticed Menkaure
  7031 | D:5      | Reached skill level 8 in Maces & Flails
  7032 | D:5      | Killed Menkaure
  7033 | D:5      | Reached skill level 1 in Invocations
  7254 | D:5      | Noticed Ijyb
  7258 | D:5      | Killed Ijyb
  7534 | D:5      | Reached * piety under Okawaru
  7535 | D:5      | Reached XP level 9. HP: 75/78 MP: 9/9
  7796 | D:6      | Reached skill level 5 in Dodging
  7981 | D:6      | Identified the +6 dagger "Ipsoxze" {flame, *Noise Will+
                  | Int+6}
  8470 | D:7      | Found the +2 ratskin cloak {*Rats rPois rN+ Str-1 Int-1
                  | Dex+1}
  8508 | D:7      | Reached skill level 9 in Maces & Flails
  8554 | D:7      | Found Wyvaen's Fire Supplies.
  8946 | D:7      | Reached ** piety under Okawaru
  9743 | D:8      | Found a bloodstained altar of Trog.
  9765 | D:8      | Found a staircase to the Lair.
  9911 | D:8      | Reached XP level 10. HP: 86/88 MP: 8/11
  9912 | D:8      | Reached skill level 10 in Maces & Flails
 10613 | D:9      | Noticed a cyclops
 10613 | D:9      | Noticed a cane toad
 10613 | D:9      | Noticed a manticore
 10615 | D:9      | Noticed a centaur warrior
 10624 | D:9      | Killed a centaur warrior
 10624 | D:9      | Reached *** piety under Okawaru
 10633 | D:9      | Noticed a cyclops
 10635 | D:9      | Killed a cyclops
 10639 | D:9      | Killed a manticore
 10642 | D:9      | Killed a cyclops
 10642 | D:9      | Reached **** piety under Okawaru
 10643 | D:9      | Reached skill level 11 in Maces & Flails
 10718 | D:9      | Noticed a deep elf knight
 10718 | D:9      | Noticed a five-headed hydra
 10718 | D:9      | Noticed a six-headed hydra
 10739 | D:9      | Killed a five-headed hydra
 10748 | D:9      | Killed a deep elf knight
 10828 | D:9      | Killed a six-headed hydra
 10829 | D:9      | Reached XP level 11. HP: 81/95 MP: 10/13
 10861 | D:9      | Got the Catalogue of Aerial Malediction
 11025 | D:9      | Reached ***** piety under Okawaru
 11230 | D:10     | Entered Level 10 of the Dungeon
 11230 | D:10     | Noticed Grum
 11259 | D:9      | Reached skill level 5 in Invocations
 11274 | D:10     | Killed Grum
 11401 | D:10     | Noticed a two-headed ogre
 11410 | D:10     | Killed a two-headed ogre
 11505 | D:10     | Identified the +1 plate armour "Ceywo" {rF+ rCorr} (Okawaru
                  | gifted it to you on level 10 of the Dungeon)
 11505 | D:10     | Received a gift from Okawaru
 11506 | D:10     | Reached skill level 12 in Maces & Flails
 11665 | D:10     | Found a staircase to the Orcish Mines.
 11984 | D:10     | Noticed a +5 long sword
 11986 | D:10     | Noticed Erica
 11987 | D:10     | Noticed a deep elf knight
 11988 | D:10     | Noticed Harold
 11988 | D:10     | Noticed Joseph
 12162 | Lair:1   | Entered Level 1 of the Lair of Beasts
 12442 | Lair:1   | Reached skill level 13 in Maces & Flails
 12450 | Lair:1   | Reached skill level 10 in Fighting
 12450 | Lair:1   | Reached skill level 10 in Shields
 12579 | Lair:1   | Reached XP level 12. HP: 106/106 MP: 15/15
 12585 | Lair:1   | Reached skill level 10 in Armour
 12938 | Lair:1   | Found a dark tunnel.
 13194 | Lair:2   | Identified the +1 morningstar "Viostroxu" {vorpal, rElec
                  | Str+2 Dex-5} (Okawaru gifted it to you on level 2 of the
                  | Lair of Beasts)
 13194 | Lair:2   | Received a gift from Okawaru
 13430 | Lair:2   | Noticed an eight-headed hydra
 13440 | Lair:2   | Killed an eight-headed hydra
 13675 | Lair:2   | Noticed a five-headed hydra
 13684 | Lair:2   | Killed a five-headed hydra
 13742 | Lair:2   | Noticed a four-headed hydra
 13752 | Lair:2   | Killed a four-headed hydra
 14114 | Lair:3   | Noticed a death yak
 14114 | Lair:3   | Noticed a death yak
 14114 | Lair:3   | Noticed a death yak
 14114 | Lair:3   | Noticed a death yak
 14114 | Lair:3   | Noticed a death yak
 14126 | Lair:2   | Killed a death yak
 14127 | Lair:2   | Reached skill level 14 in Maces & Flails
 14135 | Lair:2   | Killed a death yak
 14135 | Lair:2   | Identified the +4 kite shield of the Other Side {Str+4
                  | Int+2} (Okawaru gifted it to you on level 2 of the Lair of
                  | Beasts)
 14135 | Lair:2   | Received a gift from Okawaru
 14189 | Lair:3   | Killed a death yak
 14196 | Lair:2   | Killed a death yak
 14225 | Lair:3   | Killed a death yak
 14408 | Lair:3   | Found a staircase to the Swamp.
 14515 | Lair:3   | Reached XP level 13. HP: 116/116 MP: 17/17
 14602 | Lair:3   | Reached ****** piety under Okawaru
 14767 | Lair:3   | Got the Papyrus of Hurtful Shape Shifting
 15255 | Lair:4   | Received a gift from Okawaru
 15528 | Lair:4   | You fall into a shaft and drop 2 floors!
 15528 | Lair:6   | Entered Level 6 of the Lair of Beasts
 15563 | Lair:5   | Identified the +6 dagger "Yhicerea" {holy, Fly rC++ rN+
                  | Int-3}
 15703 | Lair:4   | Reached skill level 15 in Maces & Flails
 15750 | Lair:4   | Found a staircase to the Snake Pit.
 15987 | Lair:4   | Reached skill level 10 in Dodging
 16456 | Lair:5   | Identified the +1 chain mail of Eternal Vigilance {Int+3
                  | SInv} (Okawaru gifted it to you on level 5 of the Lair of
                  | Beasts)
 16456 | Lair:5   | Received a gift from Okawaru
 16932 | Lair:5   | Found a viscous altar of Jiyva.
 16933 | Lair:5   | Found a staircase to the Slime Pits.
 17276 | Lair:6   | Reached XP level 14. HP: 95/126 MP: 19/19
 17491 | Lair:6   | Received a gift from Okawaru
 17678 | Lair:6   | Identified the +7 dire flail of Fundamental Breach {flame,
                  | Will- Str+5 SInv} (Okawaru gifted it to you on level 6 of
                  | the Lair of Beasts)
 17678 | Lair:6   | Received a gift from Okawaru
 17927 | Lair:6   | Identified a scroll of acquirement
 17952 | Lair:6   | Acquired the +1 pair of boots "Lycaefuc" {Str+7 Dex+3
                  | Stlth-}
 18227 | Lair:6   | Received a gift from Okawaru
 18248 | Lair:6   | Reached skill level 16 in Maces & Flails
 18804 | D:10     | Killed Joseph
 18808 | D:10     | Killed Erica
 18830 | D:10     | Killed Harold
 19105 | D:11     | Identified the amulet "Vops" {Acrobat -Tele Int+9}
 19160 | D:11     | Noticed Erolcha
 19165 | D:11     | Killed Erolcha
 19210 | D:11     | Noticed Maurice
 19241 | D:11     | Killed Maurice
 19467 | D:11     | Identified the +7 fustibalus "Goumiruh" {speed, Int+4}
                  | (Okawaru gifted it to you on level 11 of the Dungeon)
 19467 | D:11     | Received a gift from Okawaru
 19686 | D:11     | Reached XP level 15. HP: 116/136 MP: 21/21
 19705 | D:11     | Found a shimmering altar of Xom.
 20363 | D:12     | Reached skill level 10 in Invocations
 20405 | D:12     | Identified the +2 leather armour "Seakilu" {rCorr Dex+4
                  | Stlth+}
 20517 | D:13     | Noticed Azrael
 20545 | D:13     | Killed Azrael
 20582 | D:13     | Noticed Urug
 20590 | D:13     | Killed Urug
 20648 | D:13     | Noticed Josephine
 20656 | D:13     | Killed Josephine
 21011 | D:13     | Identified the -6 pair of gloves of the Orb {rCorr}
 21682 | D:14     | Identified the +1 crystal plate armour "Tuge" {rPois Str+2}
                  | (Okawaru gifted it to you on level 14 of the Dungeon)
 21682 | D:14     | Received a gift from Okawaru
 21983 | D:14     | Noticed Snorg
 22101 | D:14     | Found a radiant altar of Vehumet.
 22144 | D:14     | Killed Snorg
 22484 | D:14     | Identified Roxanne's Volume of Transmutation
 22484 | D:14     | Noticed Roxanne
 22717 | D:14     | Found a gate to the Vaults.
 22811 | D:15     | Entered Level 15 of the Dungeon
 22855 | D:15     | Reached skill level 17 in Maces & Flails
 23097 | D:15     | Cast into level 2 of the Abyss (a wizard)
 23183 | Abyss:2  | Noticed a tentacled starspawn
 23216 | Abyss:2  | Mangled by a juggernaut simulacrum

Illustrated notes

Levels and vault maps discovered:
D:1:      dpeg_arrival_castle, layout_basic, dk_noncrumbling_3
D:2:      layout_basic, st_stairs_6
D:3:      layout_basic, dilly_ecumenical_altar_fadedgnrine, minmay_cupped,
          uniq_jessica, uniq_natasha
D:4:      layout_cave_pools, serial_shops, nicolae_lakefront_shop,
          enter_ossuary_3, uniq_blork_the_orc
D:5:      layout_basic, minmay_temple_entry_grid, uniq_menkaure, uniq_ijyb
D:6:      layout_loops_ring
D:7:      layout_basic, roderic_roman_lattice, hangedman_decor_growths,
          nicolae_shop_fire_sale [nicolae_sub_dead_trees],
          roderic_serpentine_path
D:8:      layout_loops_ring, lemuel_tele_altar, lair_entry_dummy,
          minmay_statues_item
D:9:      minmay_shrinking_squares, layout_basic
D:10:     layout_irregular_city, kennysheep_orc_monster_closet_entryway,
          sword_in_stone, uniq_grum
D:11:     layout_loops_ring, small_chamber_with_monster, tgw_xom, uniq_maurice,
          uniq_erica, uniq_erolcha
D:12:     layout_roguey, minmay_radiant
D:13:     layout_grid_maze, elves_outpost_lemuel, uniq_josephine, uniq_azrael,
          uniq_urug
D:14:     layout_roguey, david_vaults_2, serial_rivers,
          chequers_serial_rivers_room_b, chequers_serial_rivers_room_b,
          chequers_serial_rivers_micro_b, chequers_serial_rivers_small_3,
          hangedman_abyss_or_decor_passed, vehumet_statue, uniq_snorg,
          uniq_roxanne
D:15:     grunt_enter_depths_hoard, layout_rooms, serial_curves, eino_curves_02,
          eino_curves_04, ebering_ghost_reflecting_pool,
          minmay_shop_grid_forest, nicolae_benzene_ring, minivault_10,
          minivault_23
Temple:   mainiacjoe_temple_trianglar_array
Lair:1:   layout_regular_city, nicolae_volcano_entry_batcave,
          infiniplex_staircase_pool, grunt_megastairs_3
Lair:2:   layout_chaotic_city, worms_lemuel
Lair:3:   layout_loops_ring, swamp_mist, portal_ice_cave_rime
Lair:4:   layout_concentric_octagons, minmay_snake_entry_guardpost_small,
          serial_bayou, serial_bayou_lake_a, serial_bayou_pond_a,
          serial_bayou_ford_a, serial_bayou_shore_a, serial_bayou_pond_e,
          serial_bayou_pond_a
Lair:5:   layout_roguey, slime_altar_1, serial_bayou_pond_e,
          lemuel_fruit_fields, grunt_megastairs_1, lemuel_fruit_fields,
          serial_bayou_shore_b
Lair:6:   grunt_lair_end_beastmaster, layout_cave_shapes, wad_woods_river_03,
          minmay_shattered_shrine
Abyss:2:  base: D:15, base:
D:15

Skill      XL: |  1  2  3  4  5  6  7  8  9 10 11 12 13 14 15 |
---------------+----------------------------------------------+-----
Maces & Flails | 3 4 5 6 8 9 11 13 14 15 16 17 | 17.0
Armour         | 4 5 6 7 8 9 11 12 13 14 | 14.2
Dodging        | 1 2 3 4 5 7 8 9 10 11 12 | 12.5
Shields        | 4 5 6 7 8 10 11 12 13 14 | 14.3
Fighting       | 4 5 6 7 8 10 11 12 13 14 | 14.2
Invocations    | 1 3 4 6 7 8 9 10 | 10.7

Action                   |  1- 3 |  4- 6 |  7- 9 | 10-12 | 13-15 || total
-------------------------+-------+-------+-------+-------+-------++-------
Melee: Flail             |    69 |   154 |   326 |   397 |       ||   946
       Headbutt          |     5 |    23 |    70 |   113 |   270 ||   481
       Morningstar       |       |       |       |   171 |  1117 ||  1288
 Fire: Hunting sling     |       |       |       |    13 |       ||    13
Throw: Stone             |       |     9 |     8 |       |       ||    17
Invok: Heroism           |       |       |     3 |    14 |    14 ||    31
       Finesse           |       |       |       |       |     1 ||     1
Evoke: Wand              |       |       |     2 |     7 |     4 ||    13
  Use: Scroll            |       |     3 |    20 |     5 |     4 ||    32
       Potion            |       |     1 |     6 |     2 |     2 ||    11
 Stab: Distracted        |       |       |     1 |       |       ||     1
       Petrifying        |       |       |       |       |     4 ||     4
       Petrified         |       |       |       |       |     2 ||     2
Armor: Scale mail        |    33 |    48 |   107 |    78 |       ||   266
       Plate armour      |       |       |       |   233 |   421 ||   654
Dodge: Dodged            |    30 |    55 |   151 |   226 |   287 ||   749
Block: Buckler           |    15 |    27 |    65 |   153 |       ||   260
       Kite shield       |       |       |       |    36 |   739 ||   775
